cohdb
Replays
Latest Replays
All Replays
Popular Replays
Top Player Replays
Match Explorer
How It Works
Community
CoH3 Stats
Reddit
Sign in to upload your games and track your stats! →
Sign in with Steam
Match 41914915
Unlisted
Match 41914915
Overview
Messages
Build Orders
End
Construct Section Command Post
Construct Section Command Post
Vickers Machine Gun Team
Selects Indian Artillery Battlegroup
Dingo Light Scout Car
Infantry Section
Infantry Section
Selects Artillery Saturation
Construct Platoon Command Post
Selects Off-map Airburst Barrage
Construct Company Command Post
Team Weapon Training
Crusader II Medium Tank
Selects BL5.5 Artillery Emplacement
Unlock Towed 17-pounder Anti-tank Guns
Grenade Package
Selects Valour
Selects Gurkha Rifles Section
Off-map Airburst Barrage
Royal Engineer Section
17-pounder Anti-tank Gun Team
Royal Engineer Section
Selects Volunteer Infantry
Lionheart
德意志军团长
CPU - VERY EASY
thewreck
btbuk1
~Neo~
Synchrotron
2564583181
0
0
Comments
sign in to comment!
No comments posted yet!